Map: Ruins of Endion

Players

TcUltimate - Winner!

  • Race: Protoss Protoss
  • League: Grandmaster

Miszu

  • Race: Terran Terran
  • League: Grandmaster

VOD

Have the link to the VOD?

Description

Time

  • Played on: May 27, 2016, 3:26 p.m.
  • Length: 36:55
Show
View Real Time Build Order
Export as new Build Order

TcUltimate Protoss - Winner!

Build Orders: 1 Gate Expand 

Get SALT Encoding   

  12  0:02  Probe (Chrono Boost)  
  13  0:12  Probe (Chrono Boost)  
  14  0:20  Pylon  
  14  0:23  Probe (Chrono Boost)  
  14  0:24  Pylon  
  16  0:42  Probe (Chrono Boost)  
  16  0:45  Gateway  
  16  0:47  Assimilator  
  16  0:53  Probe (Chrono Boost)  
  17  1:04  Probe (Chrono Boost)  
  18  1:14  Probe (Chrono Boost)  
  19  1:25  Probe (Chrono Boost)  
  20  1:27  Nexus  
  20  1:35  Probe (Chrono Boost)  
  20  1:39  Cybernetics Core  
  21  1:46  Probe (Chrono Boost)  
  22  1:47  Assimilator  
  22  1:54  Pylon  
  22  1:57  Probe (Chrono Boost)  
  23  2:09  Probe (Chrono Boost)  
  23  2:18  Adept (Chrono Boost)  
  23  2:19  Probe  
  26  2:25  Warp Gate (Chrono Boost)  
  26  2:31  Probe  
  27  2:38  Probe  
  27  2:44  Probe  
  29  2:49  Probe  
  30  2:56  Probe  
  31  2:59  Robotics Facility, Probe  
  32  3:08  Probe  
  32  3:10  Pylon, Probe  
  34  3:28  Gateway  
  34  3:29  Gateway  
  34  3:31  Gateway  
  34  3:34  Probe  
  34  3:35  Probe  
  36  3:44  Probe  
  36  3:45  Warp Prism (Chrono Boost)  
  36  3:47  Probe  
  40  3:55  Probe  
  40  3:56  Pylon  
  40  3:59  Probe  
  42  4:05  Probe  
  43  4:11  Probe  
  44  4:18  Adept  
  44  4:19  Observer (Chrono Boost)  
  44  4:23  Adept  
  49  4:24  Probe  
  49  4:28  Adept x2  
  54  4:33  Pylon  
  54  4:37  Nexus  
  54  4:42  Observer (Chrono Boost)  
  55  4:49  Probe  
  56  4:55  Probe  
  56  4:59  Adept x3  
  63  5:00  Adept  
  63  5:06  Probe x2  
  60  5:10  Robotics Bay  
  60  5:11  Twilight Council  
  61  5:16  Assimilator  
  61  5:20  Assimilator  
  63  5:22  Probe  
  63  5:27  Mothership Core, Warp Prism (Chrono Boost)  
  66  5:29  Pylon  
  66  5:34  Probe  
  67  5:39  Adept  
  67  5:41  Pylon  
  69  5:48  Blink (Chrono Boost)  
  69  5:50  Adept x3  
  69  5:52  Probe x2  
  69  5:55  Probe  
  77  6:02  Probe  
  79  6:04  Probe  
  79  6:06  Probe  
  79  6:07  Disruptor (Chrono Boost)  
  84  6:13  Probe  
  84  6:17  Probe  
  86  6:19  Probe  
  86  6:23  Probe  
  88  6:28  Stalker x3  
  88  6:29  Stalker, Probe  
  97  6:37  Pylon  
  97  6:39  Pylon  
  93  6:42  Probe, Disruptor (Chrono Boost)  
  93  6:43  Probe  
  93  6:45  Pylon  
  92  6:53  Probe  
  88  6:57  Probe  
  88  6:58  Probe  
  88  7:00  Gravitic Drive  
  83  7:03  Pylon x2  
  83  7:05  Forge  
  83  7:07  Forge  
  83  7:14  Warp Prism (Chrono Boost)  
  85  7:16  Stalker x2  
  85  7:17  Stalker  
  91  7:26  Gateway  
  91  7:27  Gateway  
  91  7:29  Gateway  
  91  7:30  Gateway  
  91  7:37  Sentry  
  91  7:42  Assimilator  
  93  7:44  Sentry x3  
  93  7:47  Probe x2  
  93  7:49  Probe  
  93  7:50  Assimilator  
  102  7:53  Pylon  
  102  7:54  Observer (Chrono Boost)  
  102  7:56  Pylon  
  102  7:57  Pylon  
  103  7:58  Pylon  
  103  7:59  Probe  
  103  8:00  Pylon  
  104  8:08  Resonating Glaives  
  103  8:23  Disruptor (Chrono Boost)  
  103  8:25  Robotics Facility  
  106  8:32  Forge  
  106  8:33  Stalker x3  
  106  8:34  Forge, Stalker  
  110  8:37  Nexus  
  110  8:41  Probe  
  108  8:47  Stalker x2  
  108  8:48  Stalker x2  
  116  8:50  Probe x2  
  116  8:53  Probe  
  119  8:57  Pylon  
  119  9:01  Disruptor (Chrono Boost)  
  119  9:02  Probe  
  123  9:12  Probe  
  123  9:15  Probe  
  125  9:20  Probe  
  125  9:23  Photon Cannon  
  126  9:25  Photon Cannon  
  126  9:26  Pylon, Protoss Ground Armor Level 1 (Chrono Boost)  
  126  9:28  Protoss Ground Weapons Level 1 (Chrono Boost)  
  126  9:29  Photon Cannon  
  126  9:30  Disruptor  
  129  9:33  Disruptor  
  132  9:42  Photon Cannon x2  
  132  9:49  Stalker x5  
  137  9:57  Probe  
  138  10:00  Assimilator  
  138  10:04  Assimilator  
  138  10:05  Stargate  
  138  10:07  Stargate  
  138  10:09  Warp Prism  
  138  10:11  Probe  
  138  10:12  Probe  
  138  10:13  Probe  
  143  10:17  Pylon  
  143  10:20  Probe  
  143  10:23  Probe  
  143  10:25  Probe  
  143  10:27  Probe  
  146  10:28  Pylon  
  146  10:29  Pylon  
  146  10:31  Pylon  
  147  10:38  Probe  
  147  10:41  Warp Prism  
  150  10:47  Stargate  
  150  10:48  Stargate  
  147  10:50  Phoenix (Chrono Boost)  
  147  10:51  Phoenix (Chrono Boost)  
  151  10:59  Fleet Beacon  
  151  11:01  Protoss Ground Armor Level 2  
  148  11:06  Probe  
  148  11:08  Probe  
  149  11:19  Protoss Ground Weapons Level 2  
  149  11:29  Adept x4, Nexus  
  149  11:30  Adept x3  
  154  11:41  Probe  
  154  11:45  Probe  
  154  11:47  Probe  
  149  11:57  Disruptor x2  
  149  11:58  Sentry x3  
  161  12:04  Tempest (Chrono Boost)  
  160  12:09  Photon Cannon  
  160  12:10  Tempest (Chrono Boost)  
  160  12:11  Pylon  
  160  12:14  Adept x2  
  158  12:21  Pylon  
  156  12:23  Pylon  
  156  12:27  Tempest (Chrono Boost)  
  160  12:33  Adept x2  
  168  12:42  Tempest (Chrono Boost)  
  168  12:43  Tempest (Chrono Boost)  
  172  12:45  Probe  
  172  12:47  Pylon  
  171  12:56  Adept x3  
  151  13:16  Probe  
  152  13:24  Probe  
  152  13:27  Probe  
  151  13:29  Adept x3  
  151  13:30  Adept x5  
  168  13:36  Probe  
  168  13:40  Probe  
  165  13:42  Templar Archives  
  165  13:47  Probe  
  166  13:50  Photon Cannon  
  166  13:54  Pylon  
  167  13:57  Probe  
  166  14:10  Psionic Storm, Probe  
  166  14:13  Tempest (Chrono Boost)  
  166  14:14  Oracle (Chrono Boost)  
  178  14:17  Tempest (Chrono Boost)  
  178  14:23  High Templar x5  
  178  14:24  High Templar  
  190  14:31  Probe  
  190  14:32  Probe x2  
  190  14:36  Probe  
  190  14:38  Pylon  
  194  14:39  Assimilator  
  194  14:40  Assimilator  
  194  14:46  High Templar  
  194  14:49  Photon Cannon  
  196  14:55  Photon Cannon  
  196  14:56  Probe  
  196  14:57  Photon Cannon  
  197  15:09  Pylon  
  197  15:10  Nexus  
  189  15:24  Adept x3  
  189  15:25  Adept x2  
  193  15:30  Probe  
  190  15:40  Probe  
  190  15:41  Probe  
  192  15:45  Probe  
  179  15:57  Probe  
  179  15:59  Probe  
  181  16:09  Probe  
  182  16:16  Adept x3  
  182  16:17  Adept  
  181  16:20  Probe  
  141  16:38  Archon x2  
  141  16:39  Stalker x4  
  117  16:44  Tempest (Chrono Boost)  
  117  16:45  Tempest (Chrono Boost)  
  117  16:47  Tempest (Chrono Boost)  
  120  16:48  Probe  
  120  16:49  Tempest (Chrono Boost)  
  120  16:50  Pylon, Probe  
  130  16:59  Probe (Chrono Boost)  
  131  17:01  Probe (Chrono Boost)  
  131  17:04  Mothership Core (Chrono Boost)  
  131  17:08  High Templar x4  
  136  17:11  Pylon  
  136  17:12  Protoss Ground Weapons Level 3, Protoss Ground Armor Level 3  
  136  17:13  Protoss Air Weapons Level 1, Probe (Chrono Boost)  
  143  17:19  Probe (Chrono Boost)  
  140  17:38  Adept  
  140  17:39  Adept x2  
  143  17:44  Adept x2  
  143  17:45  Adept x2  
  143  17:50  Probe (Chrono Boost)  
  144  17:57  Probe (Chrono Boost)  
  144  17:58  Probe (Chrono Boost)  
  138  18:00  Probe (Chrono Boost)  
  138  18:01  Probe (Chrono Boost)  
  132  18:09  Stalker x3, Probe (Chrono Boost)  
  132  18:12  High Templar  
  141  18:14  Nexus, Probe (Chrono Boost)  
  141  18:17  Probe (Chrono Boost)  
  141  18:19  Probe (Chrono Boost)  
  132  18:22  Probe (Chrono Boost)  
  133  18:31  Probe (Chrono Boost)  
  133  18:32  Probe (Chrono Boost)  
  133  18:33  High Templar  
  133  18:34  High Templar x2  
  138  18:36  Pylon  
  139  18:48  High Templar  
  139  18:50  Probe (Chrono Boost)  
  140  19:01  Pylon, Probe (Chrono Boost)  
  140  19:02  Pylon  
  141  19:06  Adept  
  141  19:07  Adept  
  145  19:11  Probe (Chrono Boost)  
  145  19:15  High Templar  
  144  19:21  Probe (Chrono Boost)  
  139  19:32  High Templar x3  
  139  19:35  Probe (Chrono Boost)  
  147  19:39  Probe (Chrono Boost)  
  147  19:40  High Templar x2  
  147  19:41  Photon Cannon  
  147  19:43  Photon Cannon  
  147  19:45  Photon Cannon  
  152  19:46  Photon Cannon  
  152  19:47  Probe (Chrono Boost)  
  152  19:48  Photon Cannon  
  152  19:50  Photon Cannon  
  152  19:52  Pylon  
  152  20:00  High Templar  
  152  20:06  Pylon  
  154  20:08  Pylon  
  154  20:11  Adept x3  
  156  20:19  Adept  
  147  20:34  Archon x2  
  141  20:36  High Templar, Stalker x2  
  141  20:37  High Templar  
  141  20:40  Mothership Core (Chrono Boost)  
  141  20:41  Archon  
  148  20:59  Nexus  
  148  21:10  Adept x3  
  148  21:11  Adept  
  151  21:40  Pylon  
  151  21:42  Stalker x4  
  151  21:53  Probe (Chrono Boost)  
  149  22:06  Pylon  
  149  22:10  High Templar x4  
  157  22:16  Archon  
  157  22:17  Archon  
  155  22:26  Probe (Chrono Boost)  
  148  22:30  Assimilator  
  148  22:31  Dark Shrine  
  148  22:34  Assimilator  
  149  22:37  Probe (Chrono Boost)  
  149  22:45  Stalker x3  
  155  22:59  Probe (Chrono Boost)  
  155  23:00  Probe (Chrono Boost)  
  157  23:07  Gateway  
  157  23:10  Gateway  
  157  23:11  Gateway  
  157  23:13  Gateway  
  157  23:15  Gateway  
  157  23:17  Gateway  
  157  23:22  Gateway  
  153  23:45  Dark Templar x3  
  161  23:57  Mothership Core (Chrono Boost)  
  161  23:58  Probe (Chrono Boost)  
  155  24:24  Stalker  
  155  24:25  Stalker x2  
  155  24:26  Pylon  
  161  24:33  Tempest  
  161  24:38  Tempest x2  
  165  24:52  Photon Cannon x2  
  165  24:54  Photon Cannon  
  165  24:56  High Templar x2  
  165  24:57  Photon Cannon  
  165  24:59  Photon Cannon  
  169  25:01  Pylon  
  169  25:20  Dark Templar, Nexus  
  169  25:39  Phoenix  
  169  25:42  Phoenix x2  
  174  26:08  Archon x3  
  174  26:11  Pylon  
  174  26:16  Stalker x2, Assimilator  
  174  26:17  Stalker x5  
  174  26:18  Assimilator  
  188  26:41  Stalker x3  
  188  26:42  Stalker x2  
  198  27:19  Pylon  
  198  27:20  Pylon  
Show
View Real Time Build Order
Export as new Build Order

Miszu Terran 

Build Orders: Reaper Expand, MMM Bio 

Get SALT Encoding   

  12  0:00  SCV  
  13  0:12  SCV  
  14  0:18  Supply Depot  
  14  0:24  SCV  
  15  0:39  SCV  
  15  0:41  Barracks  
  16  0:45  Refinery  
  16  0:51  SCV  
  17  1:03  SCV  
  18  1:16  SCV  
  19  1:28  Orbital Command  
  19  1:29  Reaper  
  20  1:41  Command Center  
  21  1:54  SCV  
  21  1:57  Supply Depot  
  21  2:06  Barracks Reactor  
  21  2:11  SCV  
  21  2:15  Engineering Bay  
  22  2:23  SCV  
  22  2:27  Barracks  
  23  2:35  SCV  
  24  2:38  Refinery  
  24  2:43  Marine x2  
  26  2:48  SCV  
  26  2:50  Terran Infantry Weapons Level 1  
  27  3:01  Marine, Missile Turret  
  27  3:03  Marine  
  27  3:04  Orbital Command  
  29  3:06  SCV  
  29  3:20  Marine  
  29  3:21  Barracks Tech Lab  
  29  3:23  SCV  
  29  3:25  Missile Turret  
  31  3:31  SCV  
  32  3:35  SCV  
  32  3:39  Marine x2  
  35  3:42  Stimpack  
  35  3:44  SCV  
  35  3:45  Marine  
  38  3:48  SCV  
  38  3:52  Supply Depot  
  38  3:56  Marine  
  38  3:58  SCV  
  38  4:02  SCV  
  41  4:05  Marine  
  41  4:08  Factory  
  42  4:10  SCV  
  42  4:12  Barracks  
  42  4:15  SCV  
  42  4:16  Refinery  
  44  4:20  Marauder  
  44  4:22  SCV  
  47  4:27  SCV  
  47  4:28  Supply Depot  
  47  4:31  Marine x2  
  49  4:34  SCV  
  51  4:39  SCV  
  51  4:43  Marauder  
  51  4:44  Terran Infantry Armor Level 1  
  54  4:49  Marine x2  
  54  4:50  SCV  
  54  4:52  Supply Depot, SCV  
  58  5:01  Starport  
  58  5:03  Marine, Factory Reactor  
  58  5:07  Marine x3  
  58  5:09  SCV  
  63  5:14  SCV  
  63  5:21  SCV  
  64  5:22  Supply Depot, Marauder  
  64  5:26  SCV  
  67  5:33  Marine x2, SCV  
  70  5:45  Supply Depot, Combat Shields  
  70  5:46  Medivac x2  
  70  5:48  Factory Reactor  
  75  5:50  Armory  
  75  5:51  Barracks Tech Lab  
  75  5:52  Supply Depot  
  74  6:06  Marine x2, Marauder  
  74  6:09  Command Center  
  78  6:12  Marauder, Concussive Shells  
  79  6:24  Refinery  
  79  6:25  Marine x2, Command Center  
  80  6:27  Marauder  
  83  6:32  Marine  
  82  6:43  Marine  
  82  6:46  Marine  
  83  6:48  Marauder  
  83  6:51  Marauder  
  71  6:59  Widow Mine x2  
  71  7:00  Medivac  
  70  7:04  Terran Infantry Weapons Level 2  
  70  7:08  SCV x2  
  72  7:10  Marauder  
  74  7:18  Medivac  
  74  7:20  SCV x2  
  78  7:28  Barracks  
  78  7:29  Barracks  
  78  7:30  Liberator  
  78  7:31  Marine  
  78  7:32  SCV  
  78  7:33  Medivac  
  82  7:39  Orbital Command  
  82  7:40  SCV  
  83  7:44  SCV  
  87  7:52  SCV  
  87  7:56  SCV  
  89  8:00  Starport  
  89  8:02  Fusion Core  
  89  8:04  SCV  
  90  8:08  Orbital Command  
  90  8:09  SCV  
  90  8:11  Marauder  
  90  8:12  Marauder  
  95  8:13  Supply Depot  
  95  8:16  Supply Depot, SCV  
  95  8:17  Liberator x2  
  96  8:20  Barracks Reactor  
  96  8:21  Barracks Tech Lab  
  96  8:22  SCV  
  97  8:28  SCV  
  97  8:33  Marauder  
  100  8:35  SCV  
  100  8:36  SCV  
  108  8:46  SCV  
  108  8:47  Supply Depot x2  
  108  8:48  Marine, SCV  
  111  8:50  Marine  
  112  8:56  Marauder  
  112  8:59  Starport Tech Lab  
  114  9:06  Liberator  
  114  9:07  Marine  
  114  9:09  Marine, Liberator  
  120  9:11  SCV x2  
  120  9:12  Supply Depot  
  120  9:14  Supply Depot  
  122  9:17  Marauder  
  122  9:20  Liberator  
  122  9:22  Missile Turret  
  122  9:24  Missile Turret  
  126  9:25  Advanced Ballistics, Missile Turret  
  126  9:30  Refinery  
  125  9:31  Refinery  
  128  9:39  Missile Turret  
  128  9:49  Liberator  
  128  9:54  Marine x2, Marauder x2  
  128  9:59  Marauder  
  136  10:01  Supply Depot x2, Liberator  
  136  10:04  Command Center  
  136  10:05  Marine  
  140  10:11  Marine  
  140  10:13  Liberator  
  141  10:15  Marauder  
  146  10:31  Liberator  
  147  10:38  Marine x2, Marauder  
  149  10:44  Liberator  
  149  10:45  Marine  
  149  10:46  Marauder  
  155  10:53  Marine  
  155  10:54  Marine  
  157  10:59  Barracks x2  
  157  11:00  Barracks  
  157  11:01  Marine x3  
  157  11:03  Marine  
  164  11:06  Liberator  
  164  11:07  Marauder  
  166  11:11  Marine  
  166  11:12  Marauder  
  169  11:19  Marine x3  
  169  11:21  Marine  
  173  11:29  Marine, Marauder  
  176  11:33  Marauder  
  176  11:37  Marine x3  
  176  11:39  Marine  
  179  11:47  Marine  
  179  11:50  Marauder  
  155  11:54  Marine  
  155  11:59  SCV  
  155  12:00  SCV x2  
  148  12:06  Viking x3  
  147  12:11  SCV  
  147  12:12  SCV x2  
  147  12:23  SCV  
  147  12:24  SCV x2  
  147  12:28  Terran Infantry Weapons Level 3  
  149  12:33  Marine  
  149  12:34  Marine x2, Marauder  
  149  12:35  SCV  
  149  12:36  Viking x2, SCV x2  
  160  12:42  Marauder  
  160  12:44  Marauder  
  163  12:47  SCV  
  163  12:48  SCV  
  162  12:55  Marauder  
  162  12:56  Marine  
  162  12:57  Marine  
  160  13:05  SCV  
  160  13:08  Viking  
  153  13:14  SCV  
  153  13:15  SCV  
  153  13:18  SCV  
  153  13:19  Viking  
  130  13:31  SCV  
  130  13:32  SCV x2  
  131  13:44  Viking, SCV x3  
  136  13:53  Planetary Fortress  
  136  13:56  Viking, SCV  
  132  14:14  Viking x2, Marine  
  132  14:15  Marine x5, Marauder  
  143  14:29  Viking  
  145  14:32  Marine  
  145  14:33  Marine x2, Marauder x2  
  145  14:36  Marine  
  145  14:37  Marine  
  154  14:50  Marine  
  155  14:55  Marine, Marauder x2  
  155  14:56  Marine x3  
  163  15:03  Refinery  
  163  15:04  Refinery  
  163  15:08  Marine  
  163  15:13  Marine x4  
  167  15:16  Marine  
  167  15:20  Marauder  
  163  15:22  Viking x2  
  163  15:28  Viking  
  167  15:35  Marauder  
  167  15:44  Marine  
  167  15:45  Marine  
  167  15:46  Marine  
  164  15:52  Medivac x2  
  164  15:55  Ghost Academy  
  154  15:58  Marine  
  154  15:59  Marine x2  
  154  16:04  Medivac  
  155  16:24  SCV  
  149  16:26  SCV  
  117  16:33  Marine  
  117  16:34  Marine x9  
  86  16:45  Medivac  
  71  16:47  Medivac  
  78  17:00  Liberator  
  74  17:09  Viking  
  74  17:10  Marine x2, Marauder x3  
  74  17:11  Marine x4  
  89  17:23  Marine  
  89  17:28  Marine  
  91  17:31  Marauder x2  
  91  17:32  Marine, Marauder  
  96  17:41  Viking  
  95  17:53  Marauder x3  
  95  17:57  Marine  
  100  18:06  Orbital Command  
  100  18:07  Marine  
  100  18:09  Marine  
  100  18:10  Marine x4  
  106  18:14  Marauder  
  96  18:20  Marine  
  96  18:21  Marine, Marauder  
  96  18:23  Viking  
  96  18:27  Marine  
  94  18:43  Marine  
  88  18:49  Medivac  
  88  18:50  Medivac  
  88  18:52  Marine  
  88  18:53  Marine  
  94  18:59  SCV x2  
  96  19:04  SCV  
  97  19:11  Marauder, SCV  
  97  19:16  Marauder  
  104  19:17  Marauder  
  104  19:19  Medivac  
  106  19:31  Medivac x2  
  100  19:32  Marine  
  101  19:41  SCV x3  
  101  19:42  Marine  
  101  19:43  Marine x2, Marauder  
  109  19:46  Marine  
  109  19:49  Medivac  
  109  19:51  Marine  
  113  19:53  SCV  
  116  20:00  Medivac, Marauder  
  116  20:01  Medivac  
  115  20:27  Marauder  
  100  20:30  Marauder  
  100  20:31  Marine x7, Marauder  
  98  20:48  Marine  
  98  20:49  Marine x6  
  104  20:51  Marauder  
  91  21:24  Marine  
  91  21:25  Marauder  
  94  21:35  Marauder  
  93  21:43  Orbital Command  
  89  22:01  Marauder  
  64  22:29  Marine, Marauder  
  57  22:37  Marine  
  57  22:38  Marine x2  
  47  23:06  Marine x3, Marauder  
  47  23:07  Marine x6  
  58  23:24  Marine x2  
  58  23:26  Marauder  
  60  23:33  Marauder  
  59  23:39  Marine  
Tags
 
Add a new tag
Caveats
  • Supply blocks, unpowered buildings, or Contaminate may cause inaccurate times.
  • Supply counts are checked every 10 seconds.